 Dungeon Crawl Stone Soup version 0.31-a0-175-g9f7f995f2b (webtiles) character file.

Game seed: 10352351390025657632

206 Zonian the Ruffian (level 5, -1/29 HPs)
             Began as a Vine Stalker Gladiator on June 17, 2023.
             Slain by a sky beast (5 damage)
             ... on level 3 of the Dungeon.
             The game lasted 00:03:31 (1989 turns).

Zonian the Ruffian (Vine Stalker Gladiator)         Turns: 1989, Time: 00:03:31

Health: -1/29      AC:  6    Str: 19    XL:     5   Next: 84%
Magic:  0/6        EV: 11    Int:  8    God:
Gold:   150        SH:  5    Dex: 15    Spells: 4/4 levels left

rFire   . .          .
                       - Unarmed
rCold   . . .        (no shield)
rNeg    . . .        v - +0 ring mail
rPois   +            b - +0 helmet
rElec   .            (no cloak)
rCorr   .            (no gloves)
SInv    .            (no boots)
Will    .....        o - amulet of reflection
Stlth   +            h - ring of flight
HPRegen 1.04/turn    r - ring of poison resistance
MPRegen 0.10/turn

%: reflection, guardian spirit
@: flying
A: fangs 2, regeneration 1, magic shield, antimagic bite, no potion heal 2
a: no special abilities


You were on level 3 of the Dungeon.
You visited 1 branch of the dungeon, and saw 3 of its levels.

You collected 150 gold pieces.

Inventory:

Missiles
 d - a javelin
 t - 3 boomerangs
Armour
 a - a +0 leather armour
 b - a +0 helmet (worn)
 v - a +0 ring mail (worn)
Jewellery
 h - a ring of flight (left hand)
 o - an amulet of reflection (around neck)
 r - a ring of poison resistance (right hand)
Scrolls
 e - 5 scrolls of teleportation {unknown}
 i - 3 scrolls of enchant weapon {unknown}
 k - 2 scrolls of poison {unknown}
 p - a scroll of identify {unknown}
 u - a scroll of brand weapon {unknown}
Potions
 f - a potion of curing
 g - a potion of haste {unknown}
 j - a potion of mutation {unknown}
 l - a potion of berserk rage {unknown}
 m - a potion of resistance {unknown}
 n - 2 potions of brilliance {unknown}
 q - a potion of degeneration {unknown}
 s - 2 potions of heal wounds {unknown}


   Skills:
 + Level 3.8 Fighting
 - Level 1.9 Throwing
 - Level 2.5 Dodging
 + Level 4.8 Unarmed Combat


You had 4 spell levels left.
You didn't know any spells.
Your spell library contained the following spells:

 Spells                   Type           Power      Damage    Failure   Level
 Ozocubu's Armour         Ice            0%         N/A       92%         3
 Ozocubu's Refrigeration  Ice            0%         4d7       100%        7


Dungeon Overview and Level Annotations

Branches:
Dungeon (3/15)

Altars:
The Shining One

Shops:
D:1 [


Innate Abilities, Weirdness & Mutations

You have extremely sharp teeth.
Your natural rate of healing is unusually fast.
When hurt, damage is shared between your health and your magic reserves.
Your bite disrupts and absorbs the magic of your enemies.
Potions cannot restore your health.


Message History

The sky beast is caught in the net!
The sky beast flickers out of sight!
Deactivating autopickup; reactivate with Ctrl-A.
Something wriggles in the net.
You hit something.
Something wriggles in the net.
You hit something but do no damage. Your bite misses something.
Something wriggles in the net.
You hit something.
Something wriggles in the net.
You hit something. You bite something. You drain its power.
Something wriggles in the net.
All of a sudden the net rips apart!
You miss something. Something hits you but does no damage.
You hit something but do no damage. Something hits you but does no damage.
You hit something. Something hits you but does no damage.
You closely miss something. You completely miss something. Something hits you.
Something shocks you.
You closely miss something. Something hits you. Something shocks you.
You hit something but do no damage. Something hits you. Something shocks you.
You closely miss something. Your bite misses something. Something hits you.
Something shocks you.
* * * LOW HITPOINT WARNING * * *
You barely miss something. You bite something. You drain its power.
You feel invigorated.
A sky beast appears from thin air!
Reactivating autopickup.
The sky beast barely misses you.
You hit the sky beast.
The sky beast is heavily wounded.
The sky beast hits you but does no damage.
You hit the sky beast.
The sky beast is heavily wounded.
The sky beast barely misses you.
You miss the sky beast.
The sky beast is heavily wounded.
The sky beast hits you. The sky beast shocks you.
* * * LOW HITPOINT WARNING * * *
You closely miss the sky beast.
The sky beast is heavily wounded.
The sky beast hits you.
* * * LOW HITPOINT WARNING * * *
The sky beast shocks you.
You die...

### #># #.# ...
##.####### #..Y......
#.@######
#.(.....###.......#
#.........#.......#
#..###..#.#.......#
#...##....#....(...
#................#
####...##...........#
#.......#..#........##
#.......†..#..........


You could see a sky beast.

Vanquished Creatures
  A scorpion (D:3)
  A howler monkey (D:3)
  4 adders
  2 worms (D:3)
  2 dart slugs (D:1)
  5 orcs (D:3)
  8 bats
  2 endoplasms
  6 giant cockroaches (D:1)
  3 goblins
  5 hobgoblins
  2 jackals (D:2)
  3 ball pythons (D:2)
  6 frilled lizards
  6 kobolds
  4 rats
60 creatures vanquished.

Notes
Turn   | Place    | Note
-------+----------+-------------------------------------------
     0 | D:1      | Zonian the Vine Stalker Gladiator began the quest for the
                  | Orb.
     0 | D:1      | Reached XP level 1. HP: 11/11 MP: 2/2
    32 | D:1      | Found Lofoefum's Antique Armour Shoppe.
   130 | D:1      | Reached XP level 2. HP: 13/15 MP: 3/3
   282 | D:1      | Reached XP level 3. HP: 19/19 MP: 4/4
  1003 | D:2      | Gained mutation: Your natural rate of healing is unusually
                  | fast. [Vine Stalker growth]
  1003 | D:2      | Reached XP level 4. HP: 5/23 MP: 1/5
  1358 | D:2      | Reached skill level 4 in Unarmed Combat
  1613 | D:3      | Reached XP level 5. HP: 28/28 MP: 4/6
  1816 | D:3      | Found a glowing golden altar of the Shining One.
  1969 | D:3      | Noticed a sky beast
  1989 | D:3      | Slain by a sky beast

Illustrated notes

Levels and vault maps discovered:
D:1:      mrwooster_arrival_statue_3, layout_loops_ring, serial_shops,
          shop_fountains, st_stairs_7, minmay_worlds_worst_comb
D:2:      layout_basic, dreamdust_mushroom_princess,
          wander_ebering_terrifying_dragon_lair
D:3:      layout_basic, marbit_many_paths, tso_oasis_becter

Skill      XL: |  1  2  3  4 |
---------------+-------------+-----
Fighting       | 2 3 |  3.8
Unarmed Combat | 4 |  4.8
Throwing       | |  1.9
Dodging        | |  2.5

Action                     |  1- 3 |  4- 6 || total
---------------------------+-------+-------++-------
  Melee: Unarmed           |   112 |   105 ||   217
         Bite              |    26 |    28 ||    54
         Punch             |     4 |     1 ||     5
  Throw: Throwing net      |       |     3 ||     3
    Use: Potion            |     1 |       ||     1
 Armour: Leather armour    |    52 |     6 ||    58
         Ring mail         |       |    15 ||    15
  Dodge: Dodged            |    84 |    41 ||   125
  Block: Other             |       |    20 ||    20

Table legend: (Time is in decaauts)
 A = Elapsed time spent in this place.
 B = Non-inter-level travel time spent in this place.
 C = Inter-level travel time spent in this place.
 D = Time resting spent in this place.
 E = Time spent auto-exploring this place.
 F = Levels seen in this place.
 G = Mean time per level.
                   A        B        C        D        E       F      G
               +--------+--------+--------+--------+--------+-----+--------+
         Total |   1973 |   1918 |     55 |     19 |   1362 |   3 |  657.7 |
       Dungeon |   1973 |   1918 |     55 |     19 |   1362 |   3 |  657.7 |
               +--------+--------+--------+--------+--------+-----+--------+

Top non-repeatable levels by time:
     D:2: 879 daAuts
     D:1: 709 daAuts
     D:3: 384 daAuts
